 Dungeon Sprint DCSS version 0.21-a0-401-g0b6bec4 (webtiles) character file.

1613 Kidiri the Thaumaturge (level 8, -17/48 HPs)
             Began as a Deep Elf Fire Elementalist on Oct 25, 2017.
             Was a High Priest of Vehumet.
             Demolished by a snapping turtle (22 damage)
             ... in the Dungeon (Sprint VII: "The Pits").
             The game lasted 00:09:02 (1340 turns).

Kidiri the Thaumaturge (Deep Elf Fire Elementalist) Turns: 1340, Time: 00:09:03

Health: -17/48     AC: 12    Str:  8    XL:     8   Next: 64%
Magic:  9/28       EV: 13    Int: 23    God:    Vehumet [*****.]
Gold:   0          SH:  0    Dex: 15    Spells: 11/35 levels left

rFire    . . .     SeeInvis .   j - +2 rapier (drain)
rCold    . . .     Gourm    .   (no shield)
rNeg     . . .     Faith    .   t - +4 scale mail
rPois    .         Spirit   .   (no helmet)
rElec    .         Reflect  .   (no cloak)
rCorr    .         Harm     .   s - +0 pair of gloves
MR       .....     NoTele   +   (no boots)
Stlth    +.........             (no amulet)
HPRegen  0.16/turn              b - +3 ring of evasion
MPRegen  0.21/turn              q - +3 ring of strength

@: no status effects
A: no striking features
a: Renounce Religion


You were in the Dungeon.
You worshipped Vehumet.
Vehumet was extremely pleased with you.
You were hungry.

You visited 1 branch

Inventory:

Hand Weapons
 j - a +2 rapier of draining (weapon)
Armour
 s - a +0 pair of gloves (worn)
 t - a +4 scale mail (worn)
Jewellery
 b - a +3 ring of evasion (left hand)
 q - a +3 ring of strength (right hand)
Scrolls
 l - 3 scrolls of remove curse
 m - 5 scrolls of amnesia
 n - a scroll of summoning
Potions
 d - 6 potions of curing
 e - 12 potions of heal wounds
 f - 2 potions of haste
 g - 4 potions of magic
 h - 2 potions of berserk rage
 k - 2 potions of invisibility
 r - 2 potions of brilliance
Comestibles
 c - 8 bread rations
 o - 40 fruits
 p - 7 meat rations


   Skills:
 + Level 4.3 Fighting
 + Level 5.3 Short Blades
 + Level 4.3 Armour
 + Level 6.7 Dodging
 - Level 2.4 Stealth
 * Level 14.2 Spellcasting
 + Level 8.7 Conjurations
 + Level 9.2 Fire Magic
 + Level 2.5 Earth Magic
 + Level 2.7 Poison Magic


You had 11 spell levels left.
You knew the following spells:

 Your Spells              Type           Power        Failure   Level  Hunger
a - Flame Tongue          Conj/Fire      #####        1%          1    None
b - Throw Flame           Conj/Fire      ######       1%          2    None
c - Conjure Flame         Conj/Fire      ######..     1%          3    None
d - Inner Flame           Hex/Fire       #####...     4%          3    None
e - Ignite Poison         Fire/Tmut/Pois ####....     4%          3    None
f - Sticky Flame          Conj/Fire      ######..     2%          4    None
g - Fireball              Conj/Fire      ######....   5%          5    ###....
h - Stone Arrow           Conj/Erth      #####.       2%          3    None


Dungeon Overview and Level Annotations

Branches:
Dungeon (1/1)

Altars:
Ashenzari
Cheibriados
Dithmenos
Elyvilon
Fedhas
Gozag
Hepliaklqana
Kikubaaqudgha
Makhleb
Nemelex Xobeh
Okawaru
Qazlal
Ru
Sif Muna
Trog
Uskayaw
Vehumet
Wu Jian
Xom
Yredelemnul
Zin
The Shining One
Beogh
Jiyva
Lugonu

Annotations:
D exclusions: 4 doors and 4 more exclusions


Message History

Casting: Flame Tongue
Confirm with . or Enter, or press ? or * to list all spells.
Aiming: Stone Arrow
Press: ? - help, Shift-Dir - straight line, f - snapping turtle
Aim: a snapping turtle (flame, hasn't noticed you)
The stone arrow hits the snapping turtle.
The snapping turtle is lightly wounded.
The snapping turtle hisses angrily.
An orc wizard comes into view. It is wielding a dagger.
Unknown command.
Casting: Stone Arrow
Confirm with . or Enter, or press ? or * to list all spells.
Aiming: Stone Arrow
Press: ? - help, Shift-Dir - straight line, f/p - snapping turtle
Aim: a snapping turtle (flame, lightly wounded)
The stone arrow hits the snapping turtle.
The snapping turtle is lightly wounded.
The snapping turtle is engulfed in blazing flames.
The snapping turtle bites you from afar!!
You die...

....##..#
<...##..#### #+#
....##..#..#####.##
....##..#....##...#
....##..'.....#...#
######..'.....'...+
######..'.....#...#
..[.##..#....##...#
..[[##..#..#####@##
..))##..#### #§#
..))##..# t5§
..))##..# o§§§§
######### #######


You could see a snapping turtle, an orc wizard and a crimson imp.

Vanquished Creatures
  A red devil (D)
  Sigmund (D)
  A redback (D)
  A ynoxinul (D)
  A warg (D)
  A floating eye (D)
  A phantom (D)
  A necrophage (D)
  A sky beast (D)
  A centaur (D)
  A big kobold (D)
  A crimson imp (D)
  2 quasits (D)
  An iron imp (D)
  A hound (D)
  An orc priest (D)
  An orc wizard (D)
  A gnoll shaman (D)
  5 gnolls (D)
  An ufetubus (D)
  A leopard gecko (D)
  A ball python (D)
  2 giant cockroaches (D)
  2 goblins (D)
  3 hobgoblins (D)
  A quokka (D)
  A giant cockroach zombie (D)
36 creatures vanquished.

Notes
Turn   | Place    | Note
-------+----------+-------------------------------------------
     0 | D        | Kidiri the Deep Elf Fire Elementalist began the quest for the Orb.
     0 | D        | Reached XP level 1. HP: 10/10 MP: 6/6
   160 | D        | Found a bloodstained altar of Trog.
   160 | D        | Found a deep blue altar of Sif Muna.
   160 | D        | Found a viscous altar of Jiyva.
   160 | D        | Found a hazy altar of Hepliaklqana.
   160 | D        | Found an opulent altar of Gozag.
   161 | D        | Found a glowing golden altar of the Shining One.
   161 | D        | Found a glowing silver altar of Zin.
   161 | D        | Found a basalt altar of Yredelemnul.
   161 | D        | Found a shimmering altar of Xom.
   161 | D        | Found an ornate altar of the Wu Jian Council.
   161 | D        | Found a sacrificial altar of Ru.
   161 | D        | Found a stormy altar of Qazlal.
   161 | D        | Found an iron altar of Okawaru.
   161 | D        | Found a sparkling altar of Nemelex Xobeh.
   161 | D        | Found a burning altar of Makhleb.
   161 | D        | Found a blossoming altar of Fedhas.
   161 | D        | Found a white marble altar of Elyvilon.
   161 | D        | Found a shadowy altar of Dithmenos.
   161 | D        | Found a snail-covered altar of Cheibriados.
   163 | D        | Found a radiant altar of Vehumet.
   163 | D        | Found a corrupted altar of Lugonu.
   163 | D        | Found a roughly hewn altar of Beogh.
   164 | D        | Found a hide-covered altar of Uskayaw.
   164 | D        | Found an ancient bone altar of Kikubaaqudgha.
   164 | D        | Found a shattered altar of Ashenzari.
   179 | D        | Reached skill level 4 in Spellcasting
   182 | D        | Reached XP level 2. HP: 15/15 MP: 2/9
   186 | D        | Learned a level 2 spell: Throw Flame
   243 | D        | Noticed a floating eye
   246 | D        | Paralysed by a floating eye for 2 turns
   249 | D        | Killed a floating eye
   249 | D        | Reached skill level 9 in Spellcasting
   249 | D        | Reached skill level 5 in Conjurations
   249 | D        | Reached XP level 3. HP: 19/19 MP: 5/15
   249 | D        | Reached XP level 4. HP: 24/24 MP: 5/17
   254 | D        | Learned a level 3 spell: Conjure Flame
   258 | D        | Learned a level 3 spell: Inner Flame
   263 | D        | Learned a level 4 spell: Sticky Flame
   342 | D        | Noticed a phantom
   367 | D        | Killed a phantom
   367 | D        | Reached skill level 10 in Spellcasting
   367 | D        | Reached XP level 5. HP: 26/28 MP: 0/20
   381 | D        | Learned a level 5 spell: Fireball
   446 | D        | Became a worshipper of Vehumet
   481 | D        | Noticed a warg
   481 | D        | Noticed a centaur
   485 | D        | Reached skill level 11 in Spellcasting
   485 | D        | Reached * piety under Vehumet
   485 | D        | Offered knowledge of Sandblast by Vehumet.
   487 | D        | Noticed Sigmund
   487 | D        | Killed a warg
   487 | D        | Killed a centaur
   487 | D        | Reached skill level 1 in Fighting
   487 | D        | Reached skill level 1 in Armour
   487 | D        | Reached XP level 6. HP: 34/34 MP: 8/22
   487 | D        | Reached skill level 12 in Spellcasting
   491 | D        | Killed Sigmund
   491 | D        | Reached ** piety under Vehumet
   491 | D        | Reached XP level 7. HP: 40/40 MP: 6/25
   515 | D        | Reached skill level 5 in Dodging
   524 | D        | Reached *** piety under Vehumet
   636 | D        | Offered knowledge of Sting by Vehumet.
   639 | D        | Noticed a ynoxinul
   645 | D        | Killed a ynoxinul
   645 | D        | Reached skill level 13 in Spellcasting
   777 | D        | Offered knowledge of Ignite Poison by Vehumet.
   777 | D        | Reached **** piety under Vehumet
   806 | D        | Learned a level 3 spell: Ignite Poison
   941 | D        | Offered knowledge of Stone Arrow by Vehumet.
   941 | D        | Reached XP level 8. HP: 48/48 MP: 19/27
   941 | D        | Reached ***** piety under Vehumet
  1044 | D        | Learned a level 3 spell: Stone Arrow
  1136 | D        | Noticed a red devil
  1138 | D        | Offered knowledge of Yara's Violent Unravelling by Vehumet.
  1138 | D        | Reached skill level 1 in Poison Magic
  1207 | D        | HP: 2/48 [red devil/demon trident of draining (2)]
  1211 | D        | Killed a red devil
  1211 | D        | Reached skill level 1 in Earth Magic
  1335 | D        | Offered knowledge of Iskenderun's Battlesphere by Vehumet.
  1335 | D        | Reached skill level 5 in Short Blades
  1335 | D        | Reached skill level 14 in Spellcasting
  1339 | D        | Noticed a snapping turtle
  1340 | D        | Demolished by a snapping turtle

Vault maps used:
D:        pitsprint

Skill      XL: |  1  2  3  4  5  6  7  8 |
---------------+-------------------------+-----
Spellcasting   | 4 9 10 11 12 13 14 | 14.2
Conjurations   | 2 5 6 7 8 |  8.7
Fire Magic     | 6 7 8 9 |  9.2
Fighting       | 1 2 3 4 |  4.3
Short Blades   | 2 3 4 5 |  5.3
Armour         | 1 2 3 4 |  4.3
Dodging        | 3 4 6 |  6.7
Poison Magic   | 2 |  2.7
Earth Magic    | 2 |  2.5
Stealth        | |  2.4

Action                   |  1- 3 |  4- 6 |  7- 9 || total
-------------------------+-------+-------+-------++-------
Melee: Dagger            |     1 |     1 |    31 ||    33
       Rapier            |       |       |    10 ||    10
 Cast: Flame Tongue      |    10 |    28 |    31 ||    69
       Inner Flame       |       |     3 |     5 ||     8
       Conjure Flame     |       |     1 |     5 ||     6
       Stone Arrow       |       |       |     7 ||     7
       Fireball          |       |       |     2 ||     2
  Use: Potion            |       |       |     5 ||     5
       Scroll            |       |       |     1 ||     1
 Stab: Sleeping          |     1 |       |     1 ||     2
  Eat: Chunk             |       |       |     1 ||     1
Armor: Robe              |       |     1 |       ||     1
       Scale mail        |       |       |    17 ||    17
Dodge: Dodged            |     5 |    10 |    39 ||    54

Table legend:
 A = Spawn XP
 B = Non-spawn XP
 C = Spawn XP percentage of total XP
 D = Spawn monster count
 E = Non-spawn monster count
 F = Spawn count percentage of total count
 G = Total turns spent on level
                    A         B        C        D         E        F      G
               +---------+---------+-------+---------+---------+-------+---------
         Total |       0 |    2305 |   0.0 |       0 |      36 |   0.0 |  1340
               +---------+---------+-------+---------+---------+-------+---------
             D |       0 |    2305 |   0.0 |       0 |      36 |   0.0 |  1340
               +---------+---------+-------+---------+---------+-------+---------
